 Dungeon Crawl Stone Soup version 0.31.0-11-ge490571c62 (webtiles) character file.

Game seed: 7719133353910049842

46 qw the Shooter (level 3, -2/18 HPs)
             Began as a Spriggan Hunter on Feb 4, 2024.
             Slain by a gnoll
             ... wielding a +0 spear
              (6 damage)
             ... on level 2 of the Dungeon.
             The game lasted 00:00:03 (886 turns).

qw the Shooter (Spriggan Hunter)                     Turns: 886, Time: 00:00:03

Health: -2/18      AC:  2    Str:  7    XL:     3   Next: 46%
Magic:  4/4        EV: 19    Int: 10    God:
Gold:   62         SH:  0    Dex: 20    Spells: 2/2 levels left

rFire   . . .        a - +0 shortbow
rCold   . . .        (shield currently unavailable)
rNeg    . . .        c - +0 robe
rPois   .            (helmet restricted)
rElec   .            (no cloak)
rCorr   .            (gloves unavailable)
SInv    +            (boots unavailable)
Will    .....        (no amulet)
Stlth   ++           (no ring)
HPRegen 0.23/turn    (no ring)
MPRegen 0.09/turn

%: no passive effects
@: very quick
A: very small, no large weapons, unfitting armour, see invisible, speed 3
a: no special abilities


You were on level 2 of the Dungeon.
You visited 1 branch of the dungeon, and saw 2 of its levels.

You collected 62 gold pieces.


Innate Abilities, Weirdness & Mutations

You are very small and have problems with some larger weapons.
You are too small for most types of armour.
You have supernaturally acute eyesight. (SInv)
You cover ground extremely quickly. (Speed+++)


   Skills:
 - Level 1.5 Fighting
 + Level 4.7 Ranged Weapons
 - Level 4.0 Dodging
 - Level 1.5 Stealth


You had 2 spell levels left.
You didn't know any spells.
Your spell library was empty.

Inventory:

Hand Weapons
 a - a +0 shortbow (weapon)
Armour
 c - a +0 robe (worn)
Scrolls
 b - a scroll of fear {unknown}
Potions
 e - 3 potions of curing {unknown}
 f - a potion of haste {unknown}
 g - a potion of cancellation {unknown}

Dungeon Overview and Level Annotations

Branches:
Dungeon (2/15)

Altars:


Message History

Found a leather armour.
Found a pair of gloves.
A ball python comes into view.
You shoot an arrow. The arrow hits the ball python!
You kill the ball python!
There is a fountain of clear blue water here.
A kobold comes into view. It is wielding a +0 short sword.
You shoot an arrow. The arrow hits the kobold!
You kill the kobold!
A gnoll comes into view. It is wielding a +0 flail.
You shoot an arrow.
The arrow hits the gnoll but does no damage.
The gnoll shouts!
You hear a shout!
A hobgoblin comes into view.
A gnoll comes into view. It is wielding a +0 spear.
The gnoll shouts!
You shoot an arrow. The arrow barely misses the hobgoblin.
The hobgoblin shouts!
You shoot an arrow. The arrow closely misses the gnoll.
You shoot an arrow. The arrow barely misses the gnoll.
You hear a shout!
You shoot an arrow. The arrow hits the gnoll!
The gnoll is heavily wounded.
You shoot an arrow. The arrow hits the gnoll!
You kill the gnoll!
A gnoll comes into view. It is wielding a +0 club.
The hobgoblin hits you.
You shoot an arrow.
The arrow hits the hobgoblin but does no damage.
The hobgoblin barely misses you.
You shoot an arrow. The arrow barely misses the hobgoblin.
The arrow hits the gnoll.
The gnoll is lightly wounded.
The hobgoblin hits you.
You shoot an arrow. The arrow hits the gnoll!
The gnoll is almost dead.
The gnoll barely misses you. The hobgoblin misses you.
The gnoll hits you from afar with a +0 spear. x2
You die...

.# .# .# . .#### ###
.. ....######## #.#
... #..........# #.#
.... #..........#
#)# .....
#....(.....#
###.#......
#..........###..@gg#
#..........##..#.g##
#####..#####..##..#
..###....# #.###..#
.......#.###.# #..#
...........#.# #..#
.###.........# ##.#
.# ####...#### .#
.######...#####


You could see 2 gnolls and a hobgoblin.

Vanquished Creatures
  A gnoll (D:2)
  A bat (D:2)
  2 endoplasms (D:1)
  2 giant cockroaches
  4 hobgoblins
  2 jackals (D:2)
  4 quokkas
  6 ball pythons
  4 frilled lizards
  2 goblins (D:1)
  2 kobolds
  4 rats
34 creatures vanquished.

Notes
Turn   | Place    | Note
-------+----------+-------------------------------------------
     0 | D:1      | qw the Spriggan Hunter began the quest for the Orb.
     0 | D:1      | Reached XP level 1. HP: 10/10 MP: 2/2
     0 | D:1      | 0 ||| qw: Version: 0.3-a-160-g6735b56
     0 | D:1      | 0 ||| qw: Game counter: 5248
     0 | D:1      | 0 ||| qw: Melee chars always use a shield: true
     0 | D:1      | 0 ||| qw: God list: Okawaru
     0 | D:1      | 0 ||| qw: Allow faded altars: false
     0 | D:1      | 0 ||| qw: Do Orc after clearing Dungeon:15 true
     0 | D:1      | 0 ||| qw: Do second Lair branch before Depths: true
     0 | D:1      | 0 ||| qw: Lair rune preference: random
     0 | D:1      | 0 ||| qw: Goals: Normal
     0 | D:1      | 0 ||| PLANNING D:1-11
    98 | D:1      | Reached skill level 3 in Dodging
   158 | D:1      | Reached XP level 2. HP: 9/14 MP: 3/3
   565 | D:1      | 565 ||| READING scroll labelled NOF GUEMECAAZ.
   565 | D:1      | 565 ||| ENCHANTING +0 shortbow.
   566 | D:1      | 566 ||| DROPPING scroll of butterflies.
   683 | D:2      | Reached XP level 3. HP: 17/18 MP: 4/4
   886 | D:2      | HP: 4/18 [gnoll/+0 spear (6)]
   886 | D:2      | Slain by a gnoll

Levels and vault maps discovered:
D:1:      nagdon_arrival_zigzag_paths, layout_rooms, minmay_misc_feat_cross
D:2:      layout_rooms, nicolae_elevator_lobby_plus

Skill      XL: |  1  2 |
---------------+-------+-----
Dodging        | 3 4 |  4.0
Fighting       | |  1.5
Ranged Weapons | |  4.7
Stealth        | |  1.5

Action                     || total
---------------------------++-------
   Fire: Shortbow          ||   109
    Use: Scroll            ||     1
 Armour: Robe              ||    17
  Dodge: Dodged            ||    42

Table legend:
 A = Non-vault XP
 B = Vault XP
 C = Vault XP percentage of total XP
 D = Non-vault monster count
 E = Vault monster count
 F = Vault count percentage of total count
                 A         B        C        D         E       F
            +---------+---------+-------+---------+---------+-------
      Total |      67 |       0 |   0.0 |      34 |       0 |   0.0
            +---------+---------+-------+---------+---------+-------
        D:1 |      31 |       0 |   0.0 |      20 |       0 |   0.0
        D:2 |      36 |       0 |   0.0 |      14 |       0 |   0.0
            +---------+---------+-------+---------+---------+-------
